 Dungeon Crawl Stone Soup version 0.21.1-1-g345015fe64 (webtiles) character file.

2076 Peloso the Carver (level 9, -3/75 HPs)
             Began as a Minotaur Fighter on July 15, 2018.
             Was an Initiate of Okawaru.
             Slain by a hippogriff (7 damage)
             ... on level 6 of the Dungeon.
             The game lasted 00:13:55 (5621 turns).

Peloso the Carver (Minotaur Fighter)                Turns: 5621, Time: 00:13:56

Health: -3/75      AC: 14    Str: 28    XL:     9   Next: 6%
Magic:  8/8        EV:  7    Int:  5    God:    Okawaru [......]
Gold:   275        SH: 13    Dex: 11    Spells: 8/8 levels left

rFire    . . .     SeeInvis .   a - +1 falchion
rCold    . . .     Gourm    .   c - +1 shield
rNeg     . . .     Faith    .   b - +0 plate armour
rPois    .         Spirit   .   (helmet restricted)
rElec    .         Reflect  .   (no cloak)
rCorr    .         Harm     .   (no gloves)
MR       .....                  n - +0 pair of boots
Stlth    ..........             (no amulet)
HPRegen  0.22/turn              (no ring)
MPRegen  0.11/turn              (no ring)

@: mighty
A: retaliatory headbutt, horns 2
a: Renounce Religion


You were on level 6 of the Dungeon.
You worshipped Okawaru.
Okawaru was noncommittal.
You were not hungry.

You visited 2 branches of the dungeon, and saw 8 of its levels.

You collected 275 gold pieces.

Inventory:

Hand Weapons
 a - a +1 falchion (weapon)
Armour
 b - a +0 plate armour (worn)
 c - a +1 shield (worn)
 n - a +0 pair of boots (worn)
Jewellery
 y - a +3 ring of intelligence {unknown}
Wands
 w - a wand of acid (9)
Scrolls
 e - a scroll of enchant armour
 h - 3 scrolls of remove curse
 j - 3 scrolls of identify
 k - 3 scrolls of magic mapping
 o - a scroll of teleportation
 p - a scroll of amnesia
 r - a scroll of enchant weapon {unknown}
 t - a scroll of noise
Potions
 d - 2 potions of might
 g - a potion of experience
 i - 2 potions of curing
 l - a potion of heal wounds {unknown}
 m - a potion of magic {unknown}
 q - 3 potions of lignification {unknown}
 s - a potion of flight {unknown}
 u - a potion of resistance {unknown}
 v - 2 potions of haste {unknown}
 x - a potion of mutation {unknown}
Comestibles
 f - 12 rations
 z - 2 chunks of flesh


   Skills:
 + Level 6.2 Fighting
 + Level 8.6 Long Blades
 + Level 7.7 Armour
 + Level 3.0 Dodging
 + Level 0.2 Stealth
 + Level 7.8 Shields


You had 8 spell levels left.
You didn't know any spells.

Dungeon Overview and Level Annotations

Branches:
Dungeon (7/15)             Temple (1/1) D:5

Altars:
Cheibriados
Dithmenos
Gozag
Hepliaklqana
Kikubaaqudgha
Nemelex Xobeh
Okawaru
Ru
Sif Muna
Uskayaw
Vehumet
Wu Jian
Yredelemnul
Zin


Innate Abilities, Weirdness & Mutations

You reflexively headbutt those who attack you in melee.
You have a pair of horns on your head.


Message History

* * * LOW HITPOINT WARNING * * *
The hippogriff completely misses you.
Your plate armour prevents you from hitting the killer bee.
The killer bee is almost dead.
You block the killer bee's attack.
The killer bee stings you but does no damage.
You block the hippogriff's attack.
The hippogriff pecks you but does no damage.
You block the hippogriff's attack.
You miss the killer bee. Your headbutt misses the killer bee.
The killer bee is almost dead.
You block the killer bee's attack.
The killer bee stings you but does no damage.
The hippogriff bites you but does no damage.
You block the hippogriff's attack.
The hippogriff claws you but does no damage.
You miss the killer bee. Your headbutt misses the killer bee.
The killer bee is almost dead.
You block the killer bee's attack. x2; The hippogriff bites you!
You die...

#....##.#
####.##.#######
#.##.......#
#####...######.# #
#.....##....##.#####
#.##..##.##.##.#<..#
#.....##.##.##.###.#
##H..###.##.##<..#..
#.@.......(........
#y.####.#######.#..
#..# #.# #.###
#.>####.#######....
#..................
#.(.....###########
#.......# #.#####.#
#.# #.#


You could see a hippogriff and a killer bee.

Vanquished Creatures
  Menkaure (D:7)
  2 sky beasts (D:5)
  An orc warrior (D:7)
  A phantom (D:7)
  2 centaurs (D:5)
  2 bullfrogs
  2 scorpions (D:6)
  The ghost of Peloso the Covered, a weakling MiFi (D:3)
  3 wights (D:6)
  An electric eel (D:6)
  2 crimson imps
  A centaur zombie (D:6)
  2 hounds
  5 orc wizards
  2 orc priests (D:6)
  2 centaur skeletons
  Jessica (D:2)
  An iguana (D:5)
  4 worker ants (D:5)
  2 hound skeletons
  A worker ant zombie (D:7)
  15 gnolls
  13 adders
  3 shadow imps
  An ooze (D:3)
  An adder skeleton (D:4)
  2 worms
  A dart slug (D:1)
  4 leopard geckos
  16 orcs
  A ball python (D:3)
  9 bats
  5 giant cockroaches
  8 goblins
  7 hobgoblins
  6 jackals
  2 quokkas
  7 frilled lizards
  8 kobolds
  A quokka zombie (D:6)
  5 rats
  A plant (D:6)
155 creatures vanquished.

Vanquished Creatures (others)
  A plant (D:6)
1 creature vanquished.

Grand Total: 156 creatures vanquished

Notes
Turn   | Place    | Note
-------+----------+-------------------------------------------
     0 | D:1      | Peloso the Minotaur Fighter began the quest for the Orb.
     0 | D:1      | Reached XP level 1. HP: 19/19 MP: 0/0
   398 | D:1      | Reached XP level 2. HP: 27/27 MP: 1/1
   846 | D:2      | Reached XP level 3. HP: 32/33 MP: 2/2
   941 | D:2      | Reached skill level 3 in Long Blades
  1222 | D:2      | Noticed Jessica
  1227 | D:2      | Killed Jessica
  1227 | D:2      | Reached XP level 4. HP: 38/41 MP: 3/3
  1714 | D:3      | Reached XP level 5. HP: 44/47 MP: 4/4
  1720 | D:3      | Reached skill level 4 in Long Blades
  2085 | D:3      | Reached skill level 5 in Shields
  2211 | D:3      | Noticed Peloso's ghost (weakling MiFi)
  2220 | D:3      | Killed Peloso's ghost
  2220 | D:3      | Reached skill level 5 in Armour
  2220 | D:3      | Reached XP level 6. HP: 32/55 MP: 5/5
  2509 | D:3      | Reached skill level 5 in Fighting
  2679 | D:4      | Found an ornate altar of the Wu Jian Council.
  2844 | D:4      | Reached skill level 5 in Long Blades
  2855 | D:4      | Found a shadowy altar of Dithmenos.
  2890 | D:4      | Found a deep blue altar of Sif Muna.
  3279 | D:5      | Entered Level 5 of the Dungeon
  3288 | D:5      | Reached skill level 1 in Dodging
  3324 | D:5      | Noticed a sky beast
  3326 | D:5      | Reached XP level 7. HP: 48/61 MP: 6/6
  3413 | D:5      | Reached skill level 6 in Long Blades
  3696 | D:5      | Reached XP level 8. HP: 50/69 MP: 7/7
  3874 | D:5      | Found a staircase to the Ecumenical Temple.
  3910 | Temple   | Entered the Ecumenical Temple
  4064 | D:6      | Got a brightly glowing mace
  4065 | D:6      | Identified the +6 mace of Nezetson {drain, *Drain rN+++ MR- SInv} (You found it on level 6 of the Dungeon)
  4161 | D:6      | Reached skill level 7 in Long Blades
  5074 | D:6      | Reached skill level 8 in Long Blades
  5490 | D:7      | Found an iron altar of Okawaru.
  5493 | D:7      | Became a worshipper of Warmaster Okawaru
  5577 | D:7      | Noticed Menkaure
  5583 | D:7      | Noticed a hippogriff
  5588 | D:7      | Killed Menkaure
  5588 | D:7      | Reached XP level 9. HP: 5/75 MP: 8/8
  5616 | D:6      | HP: 3/75 [hippogriff (5)]
  5621 | D:6      | Slain by a hippogriff

Skill      XL: |  1  2  3  4  5  6  7  8 |
---------------+-------------------------+-----
Fighting       | 4 5 6 |  6.2
Shields        | 4 5 6 7 |  7.8
Armour         | 4 5 6 7 |  7.7
Long Blades    | 3 4 5 6 8 |  8.6
Dodging        | 1 3 |  3.0
Stealth        | |  0.2

Action                   |  1- 3 |  4- 6 |  7- 9 || total
-------------------------+-------+-------+-------++-------
Melee: Long sword        |    66 |   241 |    13 ||   320
       Headbutt          |     7 |    41 |    68 ||   116
       Falchion          |       |       |   254 ||   254
  Use: Potion            |       |     1 |     4 ||     5
       Scroll            |       |     7 |     4 ||    11
  Eat: Chunk             |     1 |     6 |     9 ||    16
Armor: Scale mail        |    19 |       |       ||    19
       Chain mail        |    24 |   155 |    84 ||   263
       Plate armour      |       |       |    38 ||    38
Dodge: Dodged            |    16 |    52 |    55 ||   123
Block: Shield            |    44 |   168 |   156 ||   368
       Rpst.: Long sword |     7 |    11 |     1 ||    19
       Falchion          |       |       |    10 ||    10
